 Dungeon Crawl Stone Soup version 0.19-a0-1608-g4cf22de (webtiles) character file.

3996 Amnesiac the Prestidigitator (level 10, -2/65 HPs)
             Began as a Mummy Artificer on Sept 17, 2016.
             Was an Initiate of Gozag.
             Slain by a wolf (8 damage)
             ... led by Grum
             ... on level 9 of the Dungeon.
             The game lasted 00:24:50 (12190 turns).

Amnesiac the Prestidigitator (Mummy Artificer)     Turns: 12190, Time: 00:24:51

Health: -2/65      AC:  7    Str: 21    XL:     10   Next: 3%
Magic:  18/18      EV: 12    Int: 11    God:    Gozag
Gold:   522        SH:  0    Dex: 17    Spells: 3 memorised, 4 levels left

rFire  . . .     SeeInvis +     o - +1 rapier of Doom {elec, rC- Str+5 Dex+2}
rCold  . . .     Gourm    .     y - +2 robe {Archmagi}
rNeg   + + +     Faith    .     (no shield)
rPois  ∞         Spirit   .     (no helmet)
rElec  .         Dismiss  .     (no cloak)
rCorr  .         Reflect  .     h - +1 pair of gloves
MR     +....     Harm     .     p - +0 pair of boots
Stlth  ++........               (no amulet)
                                z - ring of see invisible
                                x - ring of protection from fire

@: no status effects
A: no food or potions, fire vulnerability, cold resistance 1, negative energy
resistance 3, torment resistance, unbreathing
a: Potion Petition, Call Merchant, Bribe Branch, Renounce Religion


You were on level 9 of the Dungeon.
You worshipped Gozag.
Gozag was pleased with you.
You were not hungry.

You visited 2 branches of the dungeon, and saw 10 of its levels.

You collected 725 gold pieces.
You paid 203 gold pieces to Gozag.

Inventory:

Hand Weapons
 a - a +1 dagger of electrocution
 i - a +0 greatsling
 o - the +1 rapier of Doom (weapon) {elec, rC- Str+5 Dex+2}
   (You found it on level 7 of the Dungeon)

   Occasionally, upon striking a foe, it will discharge some electrical energy
   and cause terrible harm.
   It affects your strength (+5).
   It affects your dexterity (+2).
   It makes you vulnerable to cold.
 u - a +0 short sword of venom
 v - a +3 battleaxe of venom
Missiles
 j - 340 stones (quivered)
Armour
 h - a +1 pair of gloves (worn)
 p - a +0 pair of boots (worn)
 s - a +0 plate armour
 y - a +2 robe of the Archmagi (worn)
Jewellery
 g - an uncursed ring of fire
 w - an uncursed ring of magical power
 x - a ring of protection from fire (left hand)
 z - a ring of see invisible (right hand)
Wands
 b - a wand of random effects (9/48)
 c - a wand of flame (11/48)
 d - a wand of enslavement (11/24)
 e - a wand of random effects (7/48)
 l - a wand of lightning (6/15)
 n - a wand of confusion (16/48)
Scrolls
 f - 6 scrolls of teleportation
 k - 2 scrolls of amnesia
 m - 2 scrolls of identify
 q - a scroll of enchant weapon
 t - a scroll of enchant armour
Books
 r - a book of Necromancy

   Spells                             Type                      Level
   a - Pain                           Necromancy                   1
   b - Animate Skeleton               Necromancy                   1
   c - Vampiric Draining              Necromancy                   3
   d - Regeneration                   Charms/Necromancy            3
   e - Animate Dead                   Necromancy                   4
   f - Control Undead                 Necromancy                   4


   Skills:
 - Level 1.0 Fighting
 - Level 0.7 Short Blades
 - Level 1.5 Dodging
 - Level 0.7 Stealth
 + Level 1.7 Spellcasting
 - Level 6.1 Necromancy
 - Level 11.0 Evocations


You had 4 spell levels left.
You knew the following spells:

 Your Spells              Type           Power        Failure   Level  Hunger
a - Pain                  Necr           ###.         2%          1    N/A
b - Control Undead        Necr           ###.......   24%         4    N/A
f - Vampiric Draining     Necr           ###.......   10%         3    N/A

Dungeon Overview and Level Annotations

Branches:
Dungeon (9/15)             Temple (1/1) D:5             Orc (0/2) D:9
   Lair: D:8-11

Altars:
Ashenzari
Cheibriados
Dithmenos
Elyvilon
Fedhas
Gozag
Hepliaklqana
Kikubaaqudgha
Makhleb
Nemelex Xobeh
Okawaru
Qazlal
Ru
Sif Muna
Trog
Uskayaw
Vehumet
Xom
Yredelemnul
Zin
The Shining One

Annotations:
D:9 Grum, Psyche


Innate Abilities, Weirdness & Mutations

You do not eat or drink.
Your flesh is vulnerable to fire.
You are immune to poison.
Your flesh is cold resistant. (rC+)
You are immune to negative energy. (rN+++)
You are immune to unholy pain and torment.
You can survive without breathing.


Message History

The orc warrior hits you from afar with a halberd!
The orc priest invokes the aid of Beogh against you.
Beogh smites you! The crimson imp puffs mist at you.
The crimson imp blinks!
The wolf bites you!
Unknown command.
The orc priest mumbles some strange prayers to Beogh against you.
Beogh smites you!
* * * LOW HITPOINT WARNING * * *
The wolf misses you.
The crimson imp grinds its teeth.
The orc throws a tomahawk.
The tomahawk hits you!
* * * LOW HITPOINT WARNING * * *
Found a staircase to the Orcish Mines.
You see here a tomahawk.
The wolf bites you.
* * * LOW HITPOINT WARNING * * *
The wolf bites you!
You die...
Your body crumbles into a pile of gold.

$ #.##......#. ...#
.##...#..#..#.
...>..##....#.#..##...
....... ##......####.
...... ...#.##.## #. ..#.#
#.......# #. . #.#.#
###.....####. .. #.#.#
#####..!...##.
...#####.h@##..............
.......ohh...#######.#.%..
.##....$..(...###........
..#...oo........[..#....##
...h..g.5.........#####..##
###o.......................
#........................
#........................
#.#...#..................


You could see Grum, an orc warrior, 4 wolves, an orc priest, a crimson imp and 2
orcs.

Vanquished Creatures
  Pikel (D:7)
  A hippogriff (D:5)
  Sigmund (D:5)
  A spriggan (D:7)
  An orc warrior (D:7)
  2 slaves (D:7)
  3 phantoms
  3 sky beasts
  4 ogres
  3 centaurs (D:6)
  3 bullfrogs
  A water moccasin zombie (D:5)
  A scorpion (D:6)
  A water moccasin skeleton (D:6)
  8 wights
  A howler monkey (D:6)
  2 bullfrog zombies
  2 crimson imps
  4 jellies
  2 orc priests
  A gnoll shaman (D:4)
  2 hounds
  2 iguanas
  A bullfrog skeleton (D:5)
  8 orc wizards
  5 worker ants
  A hound skeleton (D:5)
  5 gnolls
  10 adders
  A river rat (D:5)
  A shadow imp (D:5)
  An ooze (D:4)
  An adder zombie (D:6)
  9 worms
  2 dart slugs
  5 leopard geckos
  40 orcs
  8 giant cockroaches
  A goblin (D:1)
  4 hobgoblins
  6 jackals
  10 kobolds
  6 quokkas
  2 ball pythons (D:5)
  4 bats
  3 frilled lizards
  A leopard gecko skeleton (D:7)
  13 rats
198 creatures vanquished.

Vanquished Creatures (collateral kills)
  A jelly (D:7)
1 creature vanquished.

Vanquished Creatures (others)
  A sky beast (D:5)
  A slave (D:7)
  A centaur (D:7)
  A scorpion (D:7)
  An adder (D:7)
5 creatures vanquished.

Grand Total: 204 creatures vanquished

Notes
Turn   | Place    | Note
-------+----------+-------------------------------------------
     0 | D:1      | Amnesiac the Mummy Artificer began the quest for the Orb.
     0 | D:1      | Reached XP level 1. HP: 15/15 MP: 2/2
   584 | D:2      | Reached skill level 3 in Evocations
   584 | D:2      | Reached XP level 2. HP: 14/21 MP: 2/4
  1084 | D:3      | Reached XP level 3. HP: 13/26 MP: 5/5
  1493 | D:3      | Found a hazy altar of Hepliaklqana.
  1529 | D:4      | Noticed a phantom
  1557 | D:3      | Reached skill level 4 in Evocations
  1557 | D:3      | Reached XP level 4. HP: 8/32 MP: 5/7
  1879 | D:4      | Killed a phantom
  1879 | D:4      | Reached XP level 5. HP: 9/37 MP: 8/8
  2239 | D:4      | Reached skill level 5 in Evocations
  2666 | D:5      | Entered Level 5 of the Dungeon
  2787 | D:5      | Reached XP level 6. HP: 43/43 MP: 10/10
  2791 | D:5      | Noticed a sky beast
  2792 | D:5      | Noticed a hippogriff
  2815 | D:5      | Killed a hippogriff
  2815 | D:5      | Reached skill level 6 in Evocations
  2977 | D:5      | Learned a level 1 spell: Pain
  3019 | D:5      | Found a staircase to the Ecumenical Temple.
  3029 | Temple   | Entered the Ecumenical Temple
  3107 | D:5      | Reached skill level 1 in Necromancy
  3107 | D:5      | Reached XP level 7. HP: 41/48 MP: 8/11
  3338 | D:5      | Learned a level 3 spell: Vampiric Draining
  3810 | D:5      | Reached skill level 7 in Evocations
  3832 | D:5      | Noticed Sigmund
  3859 | D:5      | Killed Sigmund
  4275 | D:3      | Reached XP level 8. HP: 51/54 MP: 13/13
  5043 | D:4      | Found a glowing golden altar of the Shining One.
  5224 | D:4      | Reached skill level 8 in Evocations
  5871 | D:4      | Found a burning altar of Makhleb.
  6336 | D:6      | Found a white marble altar of Elyvilon.
  6359 | D:6      | Reached skill level 9 in Evocations
  6543 | D:6      | Found a blossoming altar of Fedhas.
  7072 | D:6      | Reached XP level 9. HP: 33/59 MP: 16/16
  7582 | D:7      | Got a steaming rapier
  7596 | D:7      | Reached skill level 10 in Evocations
  8048 | D:7      | Noticed Pikel
  8078 | D:7      | Killed Pikel
  9328 | D:7      | Reached skill level 11 in Evocations
  9584 | D:7      | Found a shimmering altar of Xom.
  9635 | D:8      | Identified the cursed +1 rapier of Doom {elec, rC- Str+5 Dex+2} (You found it on level 7 of the Dungeon)
  9713 | D:8      | Reached skill level 5 in Necromancy
  9858 | D:8      | Learned a level 4 spell: Control Undead
 10473 | D:9      | Found an opulent altar of Gozag.
 10497 | D:9      | Became a worshipper of Gozag Ym Sagoz the Greedy
 11809 | D:6      | Reached skill level 1 in Spellcasting
 11811 | D:6      | Reached XP level 10. HP: 29/65 MP: 18/18
 12005 | D:9      | Noticed Psyche
 12178 | D:9      | Found an ancient bone altar of Kikubaaqudgha.
 12185 | D:9      | Noticed Grum
 12189 | D:9      | Found a staircase to the Orcish Mines.
 12190 | D:9      | Slain by a wolf

Vault maps used:
D:1:      tarquinn_simple_flora_water_a
D:2:      first_bread
D:3:      nicolae_overflow_crystal_walls
D:4:      lemuel_doored_altar, minmay_strange_pillars,
          makhleb_blood_cavern_becter
D:5:      portal_sewer_entry_e, uniq_sigmund
D:6:      minmay_opposing_rooms, elyvilon_altar_1, kennysheep_mini
D:7:      xom_teletrap_fun, the_bakery, uniq_pikel
D:9:      kennysheep_little_box, orc_0_dummy, tgw_kikubaaqudgha, uniq_psyche,
          uniq_grum
Temple:   eino_wide_crystal_templ

Skill      XL: |  1  2  3  4  5  6  7  8  9 |
---------------+----------------------------+-----
Evocations     | 3 4 5 6 7 9 11 | 11.0
Necromancy     | 1 3 6 |  6.1
Spellcasting   | 1 |  1.7
Fighting       | |  1.0
Short Blades   | |  0.7
Dodging        | |  1.5
Stealth        | |  0.7

Action                   |  1- 3 |  4- 6 |  7- 9 | 10-12 || total
-------------------------+-------+-------+-------+-------++-------
Melee: Short sword       |    38 |       |   528 |       ||   566
       Dagger            |     3 |    67 |    49 |       ||   119
       Battleaxe         |       |       |     7 |       ||     7
       Rapier            |       |       |   127 |     8 ||   135
 Fire: Greatsling        |    60 |    75 |       |       ||   135
 Cast: Pain              |       |     3 |     4 |       ||     7
       Vampiric Draining |       |       |     7 |     2 ||     9
Evoke: Wand              |     3 |     3 |    12 |       ||    18
  Use: Scroll            |       |       |    15 |       ||    15
 Stab: Paralysed         |       |       |     2 |       ||     2
       Sleeping          |       |       |     2 |     1 ||     3
Armor: Leather armour    |    12 |    19 |     5 |       ||    36
       Plate armour      |       |       |   383 |       ||   383
       Robe              |       |       |    46 |     1 ||    47
Dodge: Dodged            |    55 |    56 |   237 |     7 ||   355
